 Dungeon Crawl Stone Soup version 0.31.0-11-ge490571c62 (webtiles) character file.

Game seed: 13659918768523295689

13 Gadfly the Trooper (level 2, 0/24 HPs)
             Began as a Demonspawn Monk on Feb 1, 2024.
             Slain by a gnoll
             ... wielding a +1 heavy spear
              (15 damage)
             ... on level 1 of the Dungeon.
             The game lasted 00:00:25 (528 turns).

Gadfly the Trooper (Demonspawn Monk)                 Turns: 528, Time: 00:00:26

Health: 0/24       AC:  3    Str: 11    XL:     2   Next: 24%
Magic:  2/2        EV: 13    Int: 10    God:
Gold:   67         SH:  0    Dex: 15    Spells: 1/1 levels left

rFire   . .          .
                       - Unarmed
rCold   . . .        c - orb {light}
rNeg    . . .        a - +0 robe
rPois   .            f - +1 hat
rElec   .            (no cloak)
rCorr   .            (no gloves)
SInv    .            (no boots)
Will    .....        (no amulet)
Stlth   +            (no ring)
HPRegen 0.24/turn    (no ring)
MPRegen 0.08/turn

%: no passive effects
@: glowing
A: demonic guardian 1
a: no special abilities


You were on level 1 of the Dungeon.
You visited 1 branch of the dungeon, and saw 1 of its levels.

You collected 67 gold pieces.

Inventory:

Armour
 a - a +0 robe (worn)
 c - an orb of light (worn)
 f - a +1 hat (worn)
Scrolls
 g - a scroll of revelation {unknown}
Potions
 b - a potion of ambrosia
 d - a potion of degeneration {unknown}
 e - a potion of lignification {unknown}
 h - a potion of resistance {unknown}


   Skills:
 - Level 3.0 Fighting
 + Level 2.8 Dodging
 * Level 2.9 Unarmed Combat
 * Level 0.8 Evocations
 * Level 0.5 Shapeshifting


You had one spell level left.
You didn't know any spells.
Your spell library contained the following spells:

 Spells                   Type           Power      Damage    Failure   Level
 Freeze                   Ice            0%         1d3       36%         1
 Kiss of Death            Conj/Necr      0%         2d5       36%         1
 Confusing Touch          Hex            0%         N/A       75%         3
 Frozen Ramparts          Ice            0%         1d1       75%         3
 Hailstorm                Conj/Ice       0%         3d5       75%         3
 Dispel Undead            Necr           0%         3d6       98%         4


Dungeon Overview and Level Annotations

Branches:
Dungeon (1/15)

Altars:


Innate Abilities, Weirdness & Mutations

A weak demonic guardian rushes to your aid.


Message History

No target in view!
No target in view!
No target in view!
No target in view!
No target in view!
No target in view!
You open the door.
There is an open door here.
Your white imp disappears in a puff of smoke!
You now have 67 gold pieces (gained 5).
You see here a +0 helmet.
You open the door.
There is an open door here.
h - a coppery potion You open the door.
There is an open door here.
A gnoll comes into view. It is wielding a +1 heavy spear.
The gnoll shouts!
A gnoll is nearby!
A gnoll is nearby!
A gnoll is nearby!
An endoplasm comes into view.
Found a scroll labelled WARY ZITHRUODU.
The endoplasm quivers.
You hit the endoplasm.
The endoplasm is heavily wounded.
The gnoll hits you from afar with a +1 heavy spear!
A demonic guardian appears!
The endoplasm hits you but does no damage.
You hit the endoplasm.
The endoplasm is heavily wounded.
The endoplasm hits you.
Your white imp closely misses the gnoll.
You hit the endoplasm.
You kill the endoplasm!
The gnoll misses you.
Your white imp hits the gnoll.
Your white imp freezes the gnoll.
The gnoll hits you with a +1 heavy spear!
Ouch! That really hurt!
You die...

##.#'##
#........#
#.#.#
#........#
#.#.#
#........#
#.#.#
#........#
#.#.#
#........#
#.#.#
####'#'###
#.#.# #.#...#
#.#.#
#.###.#######
#.#
#.#..@5.?....
#.#
#.#.#g#######
#.#######.#.#.#
#...[.....# #.#
########### #.#
#.# #.# #.#


You could see a gnoll (ally target) and a friendly white imp (summoned).

Vanquished Creatures
  3 bats (D:1)
  An endoplasm (D:1)
  A goblin (D:1)
  2 hobgoblins (D:1)
  A frilled lizard (D:1)
  2 kobolds (D:1)
  A rat (D:1)
11 creatures vanquished.

Notes
Turn   | Place    | Note
-------+----------+-------------------------------------------
     0 | D:1      | Gadfly the Demonspawn Monk began the quest for the Orb.
     0 | D:1      | Reached XP level 1. HP: 18/18 MP: 1/1
   324 | D:1      | Gained mutation: A weak demonic guardian rushes to your
                  | aid. [demonic ancestry]
   324 | D:1      | Reached XP level 2. HP: 19/24 MP: 2/2
   528 | D:1      | Slain by a gnoll

Illustrated notes

Levels and vault maps discovered:
D:1:      heliophobic_arrival_glass_houses, layout_basic

Action                     || total
---------------------------++-------
  Melee: Unarmed           ||    21
 Armour: Robe              ||     9
  Dodge: Dodged            ||    13
